 Dungeon Crawl Stone Soup version 0.19.1 (webtiles) character file.

144 Aksej the Slasher (level 5, 0/42 HPs)
             Began as a Demonspawn Gladiator on Dec 10, 2016.
             Slain by a phantom (8 damage)
             ... on level 3 of the Dungeon.
             The game lasted 00:04:59 (1887 turns).

Aksej the Slasher (Demonspawn Gladiator)            Turns: 1887, Time: 00:05:00

Health: 0/42       AC:  6    Str: 15    XL:     5   Next: 5%
Magic:  5/5        EV: 12    Int: 10    God:
Gold:   96         SH:  0    Dex: 14    Spells: 0 memorised, 4 levels left

rFire  . . .     SeeInvis .     a - +0 long sword
rCold  . . .     Gourm    .     e - +1 ring mail
rNeg   . . .     Faith    .     (no shield)
rPois  .         Spirit   .     (helmet restricted)
rElec  .         Reflect  .     (no cloak)
rCorr  .         Harm     .     (no gloves)
MR     +....     Clarity  +     (no boots)
Stlth  +++.......               (no amulet)
                                (no ring)
                                b - ring of protection from magic

@: no status effects
A: antennae 2, clarity, mutation resistance 1, nightstalker 2, robust 1
a: no special abilities


You were on level 3 of the Dungeon.
You were hungry.

You visited 1 branch of the dungeon, and saw 3 of its levels.

You collected 96 gold pieces.

Inventory:

Hand Weapons
 a - a +0 long sword (weapon)
Armour
 e - a +1 ring mail (worn)
Jewellery
 b - a ring of protection from magic (left hand)
Comestibles
 f - a bread ration
 h - a chunk of flesh


   Skills:
 + Level 2.4 Fighting
 * Level 4.5 Long Blades
 + Level 2.0 Throwing
 + Level 0.8 Armour
 + Level 3.0 Dodging


You had 4 spell levels left.
You didn't know any spells.

Dungeon Overview and Level Annotations

Branches:
Dungeon (3/15)

Altars:


Innate Abilities, Weirdness & Mutations

You have a pair of antennae on your head.
You are significantly more attuned to the shadows.
You possess an exceptional clarity of mind.
You are somewhat resistant to further mutation.
You are robust. (+10% HP)


Message History

You aren't carrying any potions.
You slash the iguana!
You kill the iguana!
You have reached level 5!
Your demonic ancestry asserts itself...
The antennae on your head grow some more.
The phantom closely misses you.
You see here a rat corpse.
You hit the phantom but do no damage.
The phantom hits you but does no damage.
You hit the phantom.
The phantom is lightly damaged.
The phantom closely misses you.
You closely miss the phantom.
The phantom is lightly damaged.
The phantom blinks!
You closely miss the phantom.
The phantom is lightly damaged.
The phantom hits you!
You die...

### .## #..
.... #.##..
###.# #.#.#
..... #..#
..%.# ##.##
..... #.##
##$.... ##†##
##.....#
#@.###l.....#
#W#.#.#.#.#.#
#..#.#.###..#
###.###.# ###
##. #.# #.
... #.


You could see a phantom.

Vanquished Creatures
  An iguana (D:3)
  5 adders
  An ooze (D:1)
  A worm (D:2)
  A dart slug (D:1)
  A leopard gecko (D:1)
  A ball python (D:2)
  5 bats
  6 giant cockroaches
  3 goblins
  5 hobgoblins
  10 jackals
  5 kobolds
  4 frilled lizards
  13 rats
62 creatures vanquished.

Notes
Turn   | Place    | Note
-------+----------+-------------------------------------------
     0 | D:1      | Aksej the Demonspawn Gladiator began the quest for the Orb.
     0 | D:1      | Reached XP level 1. HP: 16/16 MP: 1/1
    53 | D:1      | Gained mutation: You are slightly more attuned to the shadows. [demonic ancestry]
    53 | D:1      | Reached XP level 2. HP: 17/22 MP: 2/2
    54 | D:1      | Reached skill level 3 in Long Blades
   293 | D:1      | Gained mutation: You have a pair of small antennae on your head. [demonic ancestry]
   293 | D:1      | Reached XP level 3. HP: 27/27 MP: 3/3
   992 | D:2      | Gained mutation: You are significantly more attuned to the shadows. [demonic ancestry]
   992 | D:2      | Reached XP level 4. HP: 28/34 MP: 4/4
  1095 | D:2      | Reached skill level 4 in Long Blades
  1557 | D:2      | Gained mutation: You are robust. (+10% HP) [potion of mutation]
  1557 | D:2      | Gained mutation: You possess an exceptional clarity of mind. [potion of mutation]
  1557 | D:2      | Gained mutation: You are somewhat resistant to further mutation. [potion of mutation]
  1851 | D:3      | Noticed a phantom
  1881 | D:3      | Gained mutation: You have a pair of antennae on your head. [demonic ancestry]
  1881 | D:3      | Reached XP level 5. HP: 7/42 MP: 5/5
  1887 | D:3      | Slain by a phantom

Skill      XL: |  1  2  3  4 |
---------------+-------------+-----
Long Blades    | 3 4 |  4.5
Throwing       | 2 |  2.0
Dodging        | 3 |  3.0
Fighting       | |  2.4
Armour         | |  0.8

Action                   |  1- 3 |  4- 6 || total
-------------------------+-------+-------++-------
Melee: Long sword        |    99 |    95 ||   194
Throw: Throwing net      |     1 |     3 ||     4
  Use: Scroll            |     4 |     2 ||     6
       Potion            |       |     2 ||     2
 Stab: Sleeping          |     5 |     5 ||    10
       Held in net/web   |       |     1 ||     1
  Eat: Chunk             |       |     3 ||     3
Armor: Leather armour    |    13 |       ||    13
       Ring mail         |    26 |    27 ||    53
Dodge: Dodged            |    69 |    61 ||   130
       Rpst.: Long sword |    28 |    14 ||    42
